[Event "Early-Titled-Tuesday-Blitz-June-18-2024"]
[Site "Chess.com"]
[Date "2024.06.18"]
[Round "6"]
[White "suyu28"]
[Black "ChessLover0108"]
[Result "0-1"]
[WhiteElo "2767"]
[BlackElo "2917"]
[TimeControl "180+1"]
[EndTime "9:11:36 PDT"]
[Termination "ChessLover0108 won by checkmate"]

1. d4 d5 2. c4 e6 3. Nc3 Nf6 4. cxd5 exd5 5. Bg5 Be7 6. e3 h6 7.
Bf4 Bd6 8. Bd3 Bxf4 9. exf4 O-O 10.
Nf3 Bg4 11. O-O Nc6 12. Be2 Bxf3 13. Bxf3 Re8 14. g3 Qd6 15. Rc1 Rad8 16. Kg2 Qb4 17.
Ne2 Ne4 18. Rc2 Qb6 19. a3 a5 20. Qd3 Nb8 21. Nc3 Nxc3 22. Qxc3 c6 23. h4 Nd7 24. b4 a4 25. Qd3 Nf6 26. b5 Ne4 27. Rfc1 Rd6 28.
bxc6 bxc6 29. h5 Nf6 30. Rc3 Rde6 31. Rb1 Qa5 32. Rb4 Ne4 33. Rc2 Nf6 34. Rc5 Qa7 35. Qc2 Re1 36. Qxa4 Qe7 37. Qxc6 Ra1 38. Rc1 Rxa3 39.
Rb7 Qf8 40. Qc7 Raa8 41. Rcb1 Rac8 42. Qb6 Rc3 43. Qb5 Qd6 44. Rb8 Qe6 45. Rxe8+ Nxe8 46. Qxd5 Qxd5 47. Bxd5 Nf6 48. Rb8+ Kh7 49. Bf3 Rc7 50. Rb7 Rxb7 51. Bxb7 Nxh5 52. Kf3 Nf6 53. Be4+ Kg8 54. g4 Kf8 55. g5 Ng8 56. Bf5 Ne7 57. Ke4 h5 58. Bh3 Ng6 59. d5 Ke7 60. f5 Nf8 61.
Kd4 Kd6 62. f4 f6 63. Bg2 h4 64. Bh3 Nh7 65. g6 Nf8 66. Ke4 Nd7 67. Kf3 Kxd5 68. Kg4 Ke4 69. Bg2+ Ke3 70. Bd5 Nc5 71. Kxh4 Kxf4 72.
Kh5 Kxf5 73. Bc4 Ne4 74. Bd3 Kf4 75. Kh4 Ng3 76. Bc2 Nf5+ 77. Kh5 Nd4 78. Bd3 Nc6 79. Bc4 Ne5 80. Be6 Ke4 81. Kh4 Nxg6+ 82. Kh5 Ne5 83. Bg8 g5 84. Kh6 Kf4 85. Be6 g4 86. Kh5 g3 87.
Bh3 Nf3 88. Kg6 f5 89. Kh5 Ne1 90. Kh4 g2 91. Bxg2 Nxg2+ 92. Kh3 Ne3 93. Kh4 Kf3 94. Kh3 f4 95. Kh2 Ke2 96. Kh3 f3 97.
Kg3 f2 98. Kh2 f1=Q 99. Kg3 Qf5 100. Kh2 Qg4 101. Kh1 Qg2# 0-1

[Event "Early-Titled-Tuesday-Blitz-June-18-2024"]
[Site "Chess.com"]
[Date "2024.06.18"]
[Round "6"]
[White "viktorskliarov"]
[Black "Naruto75_3"]
[Result "1/2-1/2"]
[WhiteElo "2646"]
[BlackElo "2503"]
[TimeControl "180+1"]
[EndTime "9:11:42 PDT"]
[Termination "Game drawn - insufficient material"]

1. e4 c5 2. Nf3 d6 3. d4 cxd4 4. Qxd4 Nc6 5. Bb5 Bd7 6. Bxc6 Bxc6 7. Nc3 Nf6 8. Bg5 e6 9. O-O-O Be7 10. Rhe1 Qa5 11. Kb1 O-O 12. Qd2 Rac8 13. Nd5 Qd8 14. Nxe7+ Qxe7 15. Bxf6 Qxf6 16. Nd4 h6 17. f4 Rfd8 18. g3 Qe7 19. Qb4 Qc7 20. Rd2 Be8 21.
Red1 d5 22. e5 a5 23. Qb3 a4 24. Qe3 b5 25. f5 Qe7 26. h4 b4 27. Rf1 exf5 28. Nxf5 Qe6 29. Nd4 Qg6 30. e6 fxe6 31. Nxe6 Bb5 32. Nxd8 Bxf1 33. Ne6 b3 34. axb3 axb3 35.
Nf4 bxc2+ 36. Kc1 Qa6 37. Qe6+ Qxe6 38. Nxe6 Bc4 39. Nd4 Rf8 40. Rxc2 Rf1+ 41. Kd2 Rg1 42. Rc3 Rg2+ 43. Kc1 Kf7 44. b3 Ba6 45. Re3 Bc8 46. b4 Ra2 47. Kb1 Ra4 48. Rb3 Bd7 49. Kb2 g5 50.
Rf3+ Kg6 51. Kb3 Ra1 52. b5 Rd1 53. Kc3 Rc1+ 54. Kb3 Rb1+ 55. Ka4 Rd1 56. Nc6 gxh4 57. gxh4 Re1 58. Rf4 Re4+ 59. Rxe4 dxe4 60. Nd4 e3 61. Kb4 Kf6 62. b6 Bc8 63. Kc3 Ba6 64. Nf3 Kf5 65. Kd4 Kf4 66. Ne1 e2 67. h5 Kg5 68. Ke3 Kxh5 69. b7 Bxb7 70. Kxe2 Kg4 71. Kf2 h5 72. Kg1 h4 73. Kh2 Be4 74. Ng2 h3 75. Ne3+ Kf3 76. Nf1 Bf5 77. Ng3 Bg4 78. Nf1 Ke2 79. Ng3+ Ke3 80.
Nf1+ Kd3 81. Ng3 Ke3 82. Nf1+ Kf2 83. Ng3 Be6 84. Ne4+ Kf3 85. Ng5+ Kg4 86. Nxe6 Kf5 87. Nd4+ Ke4 88. Ne2 Ke3 89. Ng1 Ke4 90. Nxh3 1/2-1/2

[Event "Early-Titled-Tuesday-Blitz-June-18-2024"]
[Site "Chess.com"]
[Date "2024.06.18"]
[Round "6"]
[White "Eagle_2019"]
[Black "Herzog2012"]
[Result "0-1"]
[WhiteElo "2846"]
[BlackElo "2636"]
[TimeControl "180+1"]
[EndTime "9:12:10 PDT"]
[Termination "Herzog2012 won on time"]

1. e4 c5 2. Nf3 d6 3. Bb5+ Nd7 4.
O-O a6 5. Be2 Ngf6 6. Nc3 g6 7.
d4 cxd4 8. Nxd4 Bg7 9. Be3 O-O 10. a4 Qc7 11. a5 Nc5 12. f3 Bd7 13. Nd5 Nxd5 14. exd5 b5 15. axb6 Qxb6 16. Qd2 a5 17.
Ra2 a4 18. Rfa1 Rab8 19. Kh1 Rfc8 20. c3 Nb3 21. Nxb3 Qxb3 22. Bd1 Qb7 23. Rb1 Bf5 24. Rba1 a3 25. Rxa3 Qxb2 26. Qxb2 Rxb2 27. Ra8 Rbb8 28.
Rxb8 Rxb8 29. Bd2 h5 30. Kg1 Rb2 31. Be1 Bh6 32. Bf2 Bg7 33. Rc1 Rb1 34. Rxb1 Bxb1 35. c4 Bd3 36. Bb3 Be5 37. g3 g5 38. Be3 Bf6 39. c5 dxc5 40. Bxc5 Kf8 41. Kf2 Be5 42. Be3 f6 43. Bc5 Bd6 44. Be3 Bg6 45. Bc4 Kg7 46. Ke2 Bf7 47. Kd3 h4 48. f4 hxg3 49. hxg3 Bg6+ 50.
Ke2 gxf4 51. Bxf4 Bxf4 52. gxf4 Kh6 53. Ke3 Kh5 54. Bb5 Bf5 55. Be2+ Kh4 56. Kf2 Bg4 57. Bd3 Bc8 58. Bg6 Bb7 59. Bf7 Kg4 60. Ke3 Kg3 61. Be6 Ba8 62. f5 Kg4 63. Kd4 Kg5 64. Kc5 Kf4 65.
Kd4 Bb7 66. Bd7 Ba6 67. d6 exd6 68. Kd5 Bd3 69. Kxd6 Bxf5 70. Bc6 Be4 71. Bd7 Kg5 72. Be6 Kf4 73. Ke7 Ke5 74. Kf7 Bf5 75. Bc4 Be4 76.
Bf1 f5 77. Kg6 f4+ 78. Kg5 Bf5 79. Bg2 Be4 80. Bf1 Bf3 81. Bd3 Bd1 82. Bg6 f3 83. Bd3 f2 84. Bf1 Bf3 85. Kh4 Kf4 86. Kh3 Ke3 87. Kg3 Be2 88. Bg2 Ba6 89. Bh3 Ke2 90.
Bg2 Ke1 91. Bh3 Bb7 92. Kf4 Ke2 93. Bg4+ Kf1 94. Bh3+ Kg1 95. Kg3 Ba8 96. Kf4 Bg2 97. Kg3 Bxh3 0-1

[Event "Early-Titled-Tuesday-Blitz-June-18-2024"]
[Site "Chess.com"]
[Date "2024.06.18"]
[Round "6"]
[White "Korchmar_Vasiliy"]
[Black "Sanyura"]
[Result "1/2-1/2"]
[WhiteElo "2654"]
[BlackElo "2525"]
[TimeControl "180+1"]
[EndTime "9:12:14 PDT"]
[Termination "Game drawn by 50-move rule"]

1. e4 c6 2. d4 d5 3. exd5 cxd5 4.
Bd3 Nc6 5. c3 Qc7 6. h3 e5 7.
dxe5 Nxe5 8. Nf3 Bd6 9. Nxe5 Bxe5 10. Bb5+ Bd7 11. Qxd5 O-O-O 12. Bxd7+ Rxd7 13. Qf3 g6 14.
O-O f5 15. Na3 Nf6 16. Nb5 Qc5 17. a4 a6 18. Be3 Qd5 19. Nd4 f4 20. Bd2 Bxd4 21.
Qxd5 Nxd5 22. cxd4 g5 23. b4 Kc7 24. Rfc1+ Kd6 25.
b5 axb5 26. axb5 Re8 27. Kf1 Re4 28. Ra4 h5 29. Re1 Rxe1+ 30. Bxe1 Rc7 31. Ra8 Rc2 32.
Rg8 g4 33. hxg4 hxg4 34. Rxg4 Rb2 35. Rg6+ Kd7 36. Rg7+ Kc8 37. g4 fxg3 38. fxg3 Ne3+ 39.
Kg1 Rg2+ 40. Kh1 Rb2 41. Ba5 Rxb5 42. Bc7 Nf5 43. Rh7 Nxd4 44. Bf4 Ne6 45. Kg2 Rb2+ 46. Kf3 b5 47. Kg4 b4 48. Kf5 Re2 49. Rh8+ Kd7 50.
Rh7+ Kc6 51. Rh6 Kd5 52. Rh8 b3 53. Rb8 Nd4+ 54. Kf6 Kc6 55. g4 Nb5 56. Rc8+ Kb6 57.
Be5 b2 58. Bxb2 Rxb2 59. g5 Rf2+ 60. Kg7 Nd6 61. Rb8+ Kc7 62. Rb1 Kd7 63. g6 Nf5+ 64.
Kf6 Nd4+ 65. Kg7 Ne6+ 66. Kg8 Ke7 67. Rb7+ Kf6 68. Rf7+ Kxg6 69. Rxf2 Ng5 70. Rg2 Kf6 71. Rg1 Kg6 72. Rf1 Ne6 73. Kh8 Ng5 74. Rg1 Kh6 75. Kg8 Kg6 76. Kf8 Kf6 77. Ke8 Ne6 78. Kd7 Nc5+ 79.
Kd6 Ne4+ 80. Kd5 Nd2 81. Rg3 Kf5 82. Kd4 Kf4 83. Rg8 Nf3+ 84. Kd3 Ne5+ 85. Ke2 Ke4 86. Re8 Kf4 87. Kf2 Ke4 88. Kg3 Kf5 89. Rf8+ Ke4 90.
Ra8 Kf5 91. Ra5 Ke4 92. Ra4+ Ke3 93. Ra8 Ke4 94. Re8 Kf5 95. Kf2 Ke4 96. Ke2 Kf4 97.
Kd2 Ke4 98. Kc3 Kd5 99. Rd8+ Ke4 100. Rd1 Nf3 101. Rd8 Ne5 102. Re8 Kf4 103. Kd4 Nc6+ 104. Kd5 Nb4+ 105. Kd4 Nc6+ 106. Kd5 Nb4+ 107. Kc4 Nc6 108. Rf8+ Ke4 109. Kc5 Ne5 110. Re8 Kf4 111. Kd5 Ng6 112. Re1 Nh4 113. Re4+ Kg3 114. Ke5 Nf3+ 115. Kf5 Nh4+ 116. Kg5 Nf3+ 117. Kh5 Kf2 118. Kg4 Nd2 119. Ra4 1/2-1/2

[Event "Early-Titled-Tuesday-Blitz-June-18-2024"]
[Site "Chess.com"]
[Date "2024.06.18"]
[Round "6"]
[White "DanyKopy"]
[Black "lamomiajunior"]
[Result "1/2-1/2"]
[WhiteElo "2573"]
[BlackElo "2730"]
[TimeControl "180+1"]
[EndTime "9:12:33 PDT"]
[Termination "Game drawn by 50-move rule"]

1. Nf3 Nf6 2. c4 g6 3. Nc3 Bg7 4. g3 O-O 5. Bg2 d6 6. O-O Na6 7. Rb1 c5 8. a3 e5 9. d3 h6 10. b4 Rb8 11. Ne1 b6 12. Nc2 Nc7 13. Ne3 Be6 14. Qa4 a6 15. Ncd5 Bxd5 16. Nxd5 Nfxd5 17. Bxd5 b5 18. Qc2 Nxd5 19. cxd5 cxb4 20. axb4 Rc8 21.
Qa2 Qb6 22. Be3 Qb7 23. Ra1 f5 24. Qxa6 Qxd5 25. Ra5 Rb8 26. Ba7 Ra8 27. Rfa1 Rf7 28. e4 fxe4 29. dxe4 Qxe4 30. Qxb5 Kh7 31. Be3 Raf8 32.
Qd5 Qxb4 33. R5a4 Qb8 34. Ra7 Qe8 35. Qxd6 e4 36. Rxf7 Rxf7 37. Ra6 Rf6 38. Qa3 Rf3 39. Qd6 Qf7 40. Qe6 Rf6 41. Qxf7 Rxf7 42. Re6 Rd7 43. Rxe4 Kg8 44. Kg2 Kf7 45. g4 g5 46.
Ra4 Kg6 47. h3 Kf7 48. Ra6 Bf6 49. f4 Rd3 50. Kf3 gxf4 51. Rxf6+ Kxf6 52. Kxf4 Rb3 53.
h4 Rb4+ 54. Kf3 Kg6 55. Bf4 Rb3+ 56. Be3 Ra3 57. Kf2 Ra4 58. Kf3 Ra6 59. Kf2 Kf7 60. Kf3 Rf6+ 61. Kg3 Rg6 62. Kf3 Re6 63.
Kf4 Kg6 64. Kf3 Rc6 65. Bf4 Rc4 66. Be3 Ra4 67. Bf4 h5 68. gxh5+ Kxh5 69. Bg5 Ra3+ 70. Kg2 Kg4 71. Be7 Re3 72. Bc5 Re2+ 73. Bf2 Rc2 74. Kg1 Kf3 75. Bb6 Rg2+ 76. Kh1 Rg4 77. Bc7 Rxh4+ 78.
Bh2 Rh5 79. Kg1 Rd5 80. Kh1 Rd1+ 81. Bg1 Rd2 82. Bh2 Kf2 83. Bg1+ Kf1 84. Bh2 Rd3 85. Bf4 Rf3 86. Bh2 Rf5 87. Bd6 Kf2 88. Bh2 Kf3 89. Bg1 Kg3 90. Bh2+ Kh3 91. Bg1 Rg5 92. Be3 Rg3 93. Bg1 Rf3 94. Bd4 Rd3 95. Bg1 Kg3 96.
Bh2+ Kf3 97. Bg1 Rd2 98. Bh2 Rd1+ 99. Bg1 Rd5 100. Bh2 Rg5 101. Bg1 Rg2 102. Bh2 Kf2 103. Bd6 Rg6 104. Bc5+ Kf1 105. Be3 Re6 106. Bf4 Re4 107. Bh2 Rg4 108. Be5 Rg1+ 109. Kh2 Rg5 110. Bg3 Ke2 111. Bf4 Rf5 112. Bg3 Kf3 113. Bd6 Rg5 114. Kh1 Rg2 115. Bh2 Re2 116. Bg1 Kg3 117. Bc5 Rh2+ 118. Kg1 Rc2 119. Bd6+ Kf3 120. Kh1 Rd2 121. Bc5 Rg2 122. Bg1 Kg3 123. Bc5 Rd2 124. Bb6 Rd1+ 125. Bg1 Rd3 126. Bc5 Kh3 127. Bg1 Rd5 1/2-1/2

[Event "Early-Titled-Tuesday-Blitz-June-18-2024"]
[Site "Chess.com"]
[Date "2024.06.18"]
[Round "7"]
[White "xakevicius91"]
[Black "Onischuk_V"]
[Result "0-1"]
[WhiteElo "2635"]
[BlackElo "2827"]
[TimeControl "180+1"]
[EndTime "9:15:19 PDT"]
[Termination "Onischuk_V won by resignation"]

1. e4 d6 2. d4 Nf6 3. Nc3 g6 4.
Nf3 Bg7 5. Bg5 h6 6. Be3 O-O 7. h3 Nc6 8. Qd2 Kh7 9. O-O-O a6 10. d5 Na7 11. g4 Nb5 12. Bd3 Nxc3 13. bxc3 c5 14.
g5 hxg5 15. Nxg5+ Kg8 16. f4 Qa5 17. e5 Qa3+ 18. Kb1 Nxd5 0-1

[Event "Early-Titled-Tuesday-Blitz-June-18-2024"]
[Site "Chess.com"]
[Date "2024.06.18"]
[Round "7"]
[White "rionelG"]
[Black "cristiano78"]
[Result "1-0"]
[WhiteElo "2355"]
[BlackElo "2227"]
[TimeControl "180+1"]
[EndTime "9:15:19 PDT"]
[Termination "rionelG won by resignation"]

1. e4 c5 2. g3 Nc6 3. Bg2 g6 4. Ne2 Bg7 5. c3 e5 6. d3 Nge7 7. Be3 b6 8. d4 exd4 9. cxd4 cxd4 10. Nxd4 O-O 11. Nc3 Bb7 12. O-O Rc8 13. Rc1 Nxd4 14. Bxd4 Bxd4 15. Qxd4 Nc6 16. Qd2 Ne5 17. b3 Qf6 18. f4 Ng4 19. e5 Nxe5 20. fxe5 Qxe5 21. Bxb7 Rc7 22. Bg2 Rfc8 23. Nd5 Rxc1 24. Rxc1 Rxc1+ 25. Qxc1 Qd4+ 26. Kh1 1-0

[Event "Early-Titled-Tuesday-Blitz-June-18-2024"]
[Site "Chess.com"]
[Date "2024.06.18"]
[Round "7"]
[White "cochess777"]
[Black "NovoselovRoman"]
[Result "0-1"]
[WhiteElo "2347"]
[BlackElo "2551"]
[TimeControl "180+1"]
[EndTime "9:15:20 PDT"]
[Termination "NovoselovRoman won by resignation"]

1. e4 c5 2. d4 cxd4 3. c3 d3 4.
Bxd3 d6 5. c4 Nf6 6. h3 Nc6 7.
Nf3 a6 8. Nc3 g6 9. O-O Bg7 10.
Be3 O-O 11. Rc1 Bd7 12. Qd2 Rc8 13. Na4 Ne5 14. Nb6 Nxf3+ 15. gxf3 Bxh3 16. Nxc8 Qxc8 17. Rfe1 Nd7 18. Bf1 Ne5 19. Qe2 Bxf1 20. Kxf1 Qh3+ 0-1

[Event "Early-Titled-Tuesday-Blitz-June-18-2024"]
[Site "Chess.com"]
[Date "2024.06.18"]
[Round "7"]
[White "GatoRojo150"]
[Black "Laico"]
[Result "1-0"]
[WhiteElo "2623"]
[BlackElo "2436"]
[TimeControl "180+1"]
[EndTime "9:15:24 PDT"]
[Termination "GatoRojo150 won by resignation"]

1. e4 e6 2. d4 d5 3. Nc3 Nf6 4. e5 Nfd7 5. Nf3 c5 6. Bg5 Qb6 7. dxc5 Bxc5 8. Qd2 Bxf2+ 9. Qxf2 Qxb2 10. Kd2 Qxa1 11.
Bb5 Qxh1 12. Qc5 Qxg2+ 13. Kc1 Qxg5+ 14. Nxg5 a6 15. Qxc8+ 1-0

[Event "Early-Titled-Tuesday-Blitz-June-18-2024"]
[Site "Chess.com"]
[Date "2024.06.18"]
[Round "7"]
[White "lagedema"]
[Black "subham777"]
[Result "0-1"]
[WhiteElo "2439"]
[BlackElo "2598"]
[TimeControl "180+1"]
[EndTime "9:15:38 PDT"]
[Termination "subham777 won by resignation"]

1. d4 d5 2. Bf4 Nf6 3. Nf3 e6 4.
e3 Bd6 5. Bxd6 Qxd6 6. c3 Ne4 7. Bd3 O-O 8. O-O f5 9. Nbd2 Nd7 10. Ne1 Rf6 11.
f3 Rh6 12. f4 Ndf6 13. Ndf3 Ng4 14. Qe2 Qd8 15. h3 Ng3 16. Qc2 Nxe3 17. Qf2 Nexf1 18. Bxf1 Nxf1 19. Qxf1 Bd7 20. Ne5 Be8 21. N1f3 Rc8 22. Ng5 c5 23. Nxe6 Rxe6 0-1

[Event "Early-Titled-Tuesday-Blitz-June-18-2024"]
[Site "Chess.com"]
[Date "2024.06.18"]
[Round "7"]
[White "Zhigalko_Sergei"]
[Black "Mysterio47"]
[Result "1-0"]
[WhiteElo "2998"]
[BlackElo "2832"]
[TimeControl "180+1"]
[EndTime "9:15:39 PDT"]
[Termination "Zhigalko_Sergei won by resignation"]

1. e4 d6 2. d4 Nf6 3. Nc3 e6 4. Nf3 Be7 5. Bd3 Nc6 6. e5 dxe5 7. dxe5 Nd7 8. Qe2 Nc5 9. Bc4 Nd4 10. Nxd4 Qxd4 11. O-O Bd7 12. Rd1 Qh4 13. Be3 Bc6 14.
Rd4 Ne4 15. Nxe4 Bxe4 16. g3 1-0

[Event "Early-Titled-Tuesday-Blitz-June-18-2024"]
[Site "Chess.com"]
[Date "2024.06.18"]
[Round "7"]
[White "LuisFSiles"]
[Black "Andrey-Ivanov2011"]
[Result "1-0"]
[WhiteElo "2333"]
[BlackElo "2057"]
[TimeControl "180+1"]
[EndTime "9:15:42 PDT"]
[Termination "LuisFSiles won by resignation"]

1. e4 c5 2. Nf3 d6 3. Bb5+ Bd7 4. Bxd7+ Qxd7 5. O-O Nc6 6. c3 e6 7. d4 cxd4 8. cxd4 Be7 9. d5 Ne5 10. dxe6 Qxe6 11.
Nd4 Qd7 12. Nc3 Nf6 13. Bg5 h6 14. Bxf6 Bxf6 15. Nd5 Be7 16. Nf5 Rg8 17. Nfxe7 Qxe7 18. Nxe7 Kxe7 1-0

[Event "Early-Titled-Tuesday-Blitz-June-18-2024"]
[Site "Chess.com"]
[Date "2024.06.18"]
[Round "7"]
[White "wild3000"]
[Black "campochess"]
[Result "1-0"]
[WhiteElo "2425"]
[BlackElo "2191"]
[TimeControl "180+1"]
[EndTime "9:15:46 PDT"]
[Termination "wild3000 won by resignation"]

1. d4 Nf6 2. e3 g6 3. Nf3 Bg7 4.
Be2 d6 5. O-O O-O 6. b3 Nfd7 7.
Bb2 c5 8. c4 Nc6 9. Nc3 Re8 10.
Rc1 e5 11. dxc5 Nxc5 12. Nd5 Be6 13. b4 Nd7 14. e4 Rc8 15. a3 Nf6 16. Bd3 Nh5 17.
Re1 Bxd5 18. cxd5 Nd4 19. Bxd4 exd4 20. Qa4 a6 21. b5 Nf4 22. Bf1 Rc3 23. bxa6 bxa6 24.
Nxd4 Rxc1 25. Rxc1 Qb6 26. Qxe8+ 1-0

[Event "Early-Titled-Tuesday-Blitz-June-18-2024"]
[Site "Chess.com"]
[Date "2024.06.18"]
[Round "7"]
[White "SoCalJuniorChess"]
[Black "maurovargas01"]
[Result "1-0"]
[WhiteElo "2217"]
[BlackElo "1937"]
[TimeControl "180+1"]
[EndTime "9:15:58 PDT"]
[Termination "SoCalJuniorChess won by resignation"]

1. d4 d5 2. Nc3 c6 3. Bf4 h5 4. e4 dxe4 5. Nxe4 Nd7 6. Bc4 Ndf6 7. Ng5 e6 8. N1f3 Bd6 9. Ne5 Bxe5 10. Bxe5 Ne7 11. O-O Ng6 12. Qe2 Nxe5 13. Qxe5 Ng4 14. Qxg7 Kd7 15. Nxf7 Qc7 16. Ne5+ Kd6 17. Qxh8 Nxe5 18.
Qxe5+ Kd7 19. Qxc7+ Kxc7 20. Rae1 Bd7 21. Bxe6 Rg8 22.
Bxg8 1-0

[Event "Early-Titled-Tuesday-Blitz-June-18-2024"]
[Site "Chess.com"]
[Date "2024.06.18"]
[Round "7"]
[White "Ordekalog"]
[Black "Andrei_Skvortsov"]
[Result "0-1"]
[WhiteElo "2621"]
[BlackElo "2776"]
[TimeControl "180+1"]
[EndTime "9:16:21 PDT"]
[Termination "Andrei_Skvortsov won by resignation"]

1. d4 g6 2. c4 Bg7 3. Nf3 e6 4. Nc3 Ne7 5. h4 h6 6. h5 g5 7. e4 d5 8. e5 c5 9. Nb5 cxd4 10. Nd6+ Kf8 11. cxd5 Nxd5 12. Qxd4 Nc6 13. Qc5 Qe7 14.
Nxg5 hxg5 15. Bxg5 Qxg5 16. Nxc8+ Kg8 17. Nd6 Qxe5+ 18.
Be2 Nd4 0-1

[Event "Early-Titled-Tuesday-Blitz-June-18-2024"]
[Site "Chess.com"]
[Date "2024.06.18"]
[Round "7"]
[White "Alexchess1984"]
[Black "laskakid"]
[Result "1-0"]
[WhiteElo "2558"]
[BlackElo "2388"]
[TimeControl "180+1"]
[EndTime "9:16:23 PDT"]
[Termination "Alexchess1984 won by resignation"]

1. e4 d6 2. Nc3 Nf6 3. f4 e5 4. Nf3 Be7 5. Bc4 exf4 6. d3 O-O 7. Bxf4 Be6 8. O-O Bxc4 9. dxc4 Nbd7 10.
Nd4 Re8 11. Nf5 Bf8 12. Qf3 Nc5 13. Rae1 c6 14. Bg5 Ne6 15. Nh6+ gxh6 16. Bxf6 Qb6+ 17. Kh1 Bg7 18. Qg3 Kf8 19. Qxd6+ Kg8 20. Qg3 Kf8 21. e5 Qd4 22. Ne4 Qxc4 23. Nd6 Qxc2 24. Bxg7+ 1-0

[Event "Early-Titled-Tuesday-Blitz-June-18-2024"]
[Site "Chess.com"]
[Date "2024.06.18"]
[Round "7"]
[White "Patricius007"]
[Black "carokannlover213"]
[Result "0-1"]
[WhiteElo "2548"]
[BlackElo "2697"]
[TimeControl "180+1"]
[EndTime "9:16:28 PDT"]
[Termination "carokannlover213 won by resignation"]

1. e4 e5 2. Nf3 Nf6 3. Bc4 Nxe4 4. d3 Nd6 5. Nxe5 Nxc4 6. Nxc4 d5 7. Qe2+ Be6 8. Ne5 Bd6 9. O-O O-O 10. d4 Re8 11. Qf3 Nd7 12. Nxd7 Qxd7 13. Bf4 Bb4 14. c3 Be7 15.
Qg3 c5 16. Nd2 cxd4 17. cxd4 Qb5 18. b3 Bf6 19. Nf3 Qd3 20. Be5 Bxe5 21. dxe5 Rac8 22. Rad1 Qc2 23. Rd2 Qc3 24. Rfd1 Red8 25. Nd4 Qxd2 0-1

[Event "Early-Titled-Tuesday-Blitz-June-18-2024"]
[Site "Chess.com"]
[Date "2024.06.18"]
[Round "7"]
[White "JJDAREK"]
[Black "cthake"]
[Result "1-0"]
[WhiteElo "2328"]
[BlackElo "1832"]
[TimeControl "180+1"]
[EndTime "9:16:30 PDT"]
[Termination "JJDAREK won by resignation"]

1. Nf3 c5 2. c4 Nc6 3. Nc3 Nf6 4.
g3 g6 5. Bg2 Bg7 6. d4 cxd4 7.
Nxd4 O-O 8. O-O e5 9. Ndb5 a6 10. Nd6 Ne8 11. b3 Nxd6 12. Qxd6 Qe7 13. Qxe7 Nxe7 14.
Ba3 Re8 15. Bxe7 Rxe7 16. Nd5 Re6 17. Nc7 Rb8 18. Nxe6 dxe6 19. Rad1 Bf6 20. Rd2 b5 21. cxb5 axb5 22. Rc1 Bb7 23. Rd7 Bxg2 24. Kxg2 Rd8 25. Rxd8+ Bxd8 26. Rc8 1-0

[Event "Early-Titled-Tuesday-Blitz-June-18-2024"]
[Site "Chess.com"]
[Date "2024.06.18"]
[Round "7"]
[White "carloseduar100"]
[Black "Kotofeyca"]
[Result "0-1"]
[WhiteElo "2265"]
[BlackElo "2492"]
[TimeControl "180+1"]
[EndTime "9:16:34 PDT"]
[Termination "Kotofeyca won by resignation"]

1. d4 d5 2. c3 c6 3. Nf3 Bg4 4. e3 e6 5. Bd3 f5 6. Qb3 Qc7 7. Ne5 Bh5 8. Nd2 Nf6 9. f4 Nbd7 10. Ndf3 Bd6 11. O-O O-O 12. c4 Ne4 13. Nxd7 Qxd7 14. Ne5 Qe7 15. Qc2 g5 16. Bxe4 fxe4 17. g3 gxf4 18. gxf4 Kh8 19. Kf2 Qh4+ 20. Kg1 Rg8+ 21. Kh1 Bxe5 22. dxe5 Bf3+ 23. Rxf3 Qe1+ 0-1

[Event "Early-Titled-Tuesday-Blitz-June-18-2024"]
[Site "Chess.com"]
[Date "2024.06.18"]
[Round "7"]
[White "bazar-wokzal"]
[Black "SargissyanSargis"]
[Result "1-0"]
[WhiteElo "2588"]
[BlackElo "2434"]
[TimeControl "180+1"]
[EndTime "9:16:40 PDT"]
[Termination "bazar-wokzal won by resignation"]

1. e4 e5 2. Bc4 Nf6 3. d3 c6 4.
Nf3 d5 5. Bb3 dxe4 6. Ng5 Be6 7.
Bxe6 fxe6 8. dxe4 Qxd1+ 9. Kxd1 Na6 10. f3 Nc7 11. Be3 h6 12. Nh3 O-O-O+ 13. Ke2 b6 14. Nd2 Nd7 15. Nf2 Bc5 16. Nc4 Bxe3 17. Kxe3 Nf8 18. Nxe5 Kb7 19. Nf7 1-0

[Event "Early-Titled-Tuesday-Blitz-June-18-2024"]
[Site "Chess.com"]
[Date "2024.06.18"]
[Round "7"]
[White "yonaltimur"]
[Black "Dewarfd"]
[Result "0-1"]
[WhiteElo "2298"]
[BlackElo "2147"]
[TimeControl "180+1"]
[EndTime "9:16:46 PDT"]
[Termination "Dewarfd won by resignation"]

1. e4 c5 2. Nf3 g6 3. d4 cxd4 4.
Nxd4 Nc6 5. c4 Nf6 6. Nc3 d6 7. Be3 Ng4 8. Bc1 Qb6 9. Nd5 Qxd4 10. Nc7+ Kd8 11. Qxd4 Nxd4 12. Nxa8 Nc2+ 13. Kd2 Nxa1 14. f3 Ne5 15. b3 f5 16. Bb2 Bh6+ 17. Kd1 fxe4 18.
fxe4 Bg4+ 19. Be2 Bxe2+ 20. Kxe2 Nc2 0-1

[Event "Early-Titled-Tuesday-Blitz-June-18-2024"]
[Site "Chess.com"]
[Date "2024.06.18"]
[Round "7"]
[White "sleeping_in_the_fire"]
[Black "Forge13"]
[Result "0-1"]
[WhiteElo "2445"]
[BlackElo "2675"]
[TimeControl "180+1"]
[EndTime "9:16:50 PDT"]
[Termination "Forge13 won by resignation"]

1. e4 e6 2. d4 d5 3. Nc3 Nf6 4. Bg5 dxe4 5. Nxe4 Be7 6. Bxf6 gxf6 7. Nf3 f5 8. Nc3 a6 9. a4 c5 10. d5 Bf6 11.
Bc4 O-O 12. O-O e5 13. Re1 e4 14. Nd2 Nd7 15. Nf1 Ne5 16. Ba2 Rb8 17. Qh5 Bg7 18. Ng3 Qf6 19. Nd1 Qg6 20. Qe2 f4 21.
Nxe4 f3 22. Qf1 fxg2 0-1

[Event "Early-Titled-Tuesday-Blitz-June-18-2024"]
[Site "Chess.com"]
[Date "2024.06.18"]
[Round "7"]
[White "zverr1"]
[Black "Austen48"]
[Result "1-0"]
[WhiteElo "2545"]
[BlackElo "2306"]
[TimeControl "180+1"]
[EndTime "9:16:52 PDT"]
[Termination "zverr1 won by checkmate"]

1. d4 Nf6 2. c4 e6 3. Nc3 Bb4 4. e3 O-O 5. Ne2 d5 6. a3 Be7 7.
c5 b6 8. b4 a5 9. Bd2 axb4 10.
axb4 Rxa1 11. Qxa1 Nc6 12. Qb2 Ne4 13. Nxe4 dxe4 14.
b5 Na7 15. c6 e5 16. dxe5 Be6 17. Nd4 Qd5 18. Be2 Qxe5 19. O-O Qg5 20. Ra1 Nc8 21.
Nxe6 fxe6 22. Bc4 Nd6 23. Bxe6+ Kh8 24. Bc3 Nxb5 25. h4 Qxh4 26. Bxg7# 1-0

[Event "Early-Titled-Tuesday-Blitz-June-18-2024"]
[Site "Chess.com"]
[Date "2024.06.18"]
[Round "7"]
[White "Szachulec75"]
[Black "GothamChess"]
[Result "0-1"]
[WhiteElo "2242"]
[BlackElo "2761"]
[TimeControl "180+1"]
[EndTime "9:16:56 PDT"]
[Termination "GothamChess won by resignation"]

1. Nf3 g6 2. g3 Bg7 3. Bg2 d6 4. d3 Bd7 5. O-O Qc8 6. Re1 Bh3 7. Bh1 h5 8. e4 h4 9. e5 hxg3 10. hxg3 Nc6 11. exd6 cxd6 12. c3 Qf5 13. Qe2 Bg4 14. Qe4 Rxh1+ 15. Kxh1 Bxf3+ 16. Kg1 Bxe4 17. dxe4 Qh3 18. Nd2 Ne5 0-1

[Event "Early-Titled-Tuesday-Blitz-June-18-2024"]
[Site "Chess.com"]
[Date "2024.06.18"]
[Round "7"]
[White "IMRosen"]
[Black "Zavgorodniy_Sergiy"]
[Result "1-0"]
[WhiteElo "2769"]
[BlackElo "2605"]
[TimeControl "180+1"]
[EndTime "9:17:01 PDT"]
[Termination "IMRosen won by resignation"]

1. e4 e5 2. Nf3 d6 3. d4 exd4 4. Nxd4 Nf6 5. Nc3 Be7 6. Bf4 O-O 7. Qd2 Nc6 8. O-O-O Nxd4 9. Qxd4 Be6 10. f3 a5 11.
Kb1 a4 12. g4 a3 13. b3 Nd7 14. Nd5 Bxd5 15. Qxd5 c6 16. Qd2 Ne5 17. Be2 b5 18. h4 Qb6 19. h5 Rfc8 20. Be3 c5 21. f4 Nc4 22. Bxc4 bxc4 23. g5 cxb3 24. cxb3 c4 25. Bxb6 1-0

[Event "Early-Titled-Tuesday-Blitz-June-18-2024"]
[Site "Chess.com"]
[Date "2024.06.18"]
[Round "7"]
[White "elis06"]
[Black "DishonorOnYourCow"]
[Result "0-1"]
[WhiteElo "2362"]
[BlackElo "2525"]
[TimeControl "180+1"]
[EndTime "9:17:03 PDT"]
[Termination "DishonorOnYourCow won by checkmate"]

1. d4 Nf6 2. c4 g6 3. Nc3 d5 4.
Nf3 Bg7 5. Bf4 O-O 6. e3 c5 7. dxc5 Qa5 8. Be2 dxc4 9. Bxc4 Ne4 10. O-O Nxc3 11. bxc3 Qxc5 12. Qe2 Bg4 13. Bb3 e5 14. Bg3 e4 15. h3 exf3 16. gxf3 Bxh3 17. Rfd1 Nc6 18.
Bd6 Qg5+ 19. Bg3 Bxc3 20. Rac1 Bg7 21. f4 Qg4 22. Qc4 Qf3 23. Qd5 Qxd5 24. Bxd5 Rfd8 25. Bxc6 Rxd1+ 26. Rxd1 bxc6 27. Rc1 Rc8 28. Rc5 Bf8 29. Ra5 c5 30. Rxa7 c4 31. Kh2 c3 32. Kxh3 c2 33.
Kh2 c1=Q 34. Rb7 Qc6 35. Rb2 Qf3 36. Rb1 Rc2 37. Rf1 Rxa2 38. Kg1 h5 39. Bh2 Bc5 40. Bg3 Bxe3 41. fxe3 Qg2# 0-1